 Dungeon Crawl Stone Soup version 0.29-a0-197-ge3fb4bd5a4 (webtiles) character file.

Game seed: 1091332451908153806

21942 esteth the Black Belt (level 12, -9/141 HPs)
             Began as a Demonspawn Gladiator on Feb 22, 2022.
             Was an Initiate of Gozag.
             Mangled by a seven-headed hydra (11 damage)
             ... on level 3 of the Lair of Beasts.
             The game lasted 00:34:00 (19547 turns).

esteth the Black Belt (Demonspawn Gladiator)       Turns: 19547, Time: 00:34:00

Health: -9/141     AC: 30    Str: 14    XL:     12   Next: 58%
Magic:  12/12      EV:  2    Int: 15    God:    Gozag
Gold:   242        SH: 10    Dex: 21    Spells: 11/11 levels left

rFire   . . .      SeeInvis .     - Unarmed
rCold   . . .      Faith    .   i - +0 buckler
rNeg    . . .      Spirit   .   (body armour currently unavailable)
rPois   +          Reflect  .   (helmet currently unavailable)
rElec   .          Harm     .   (cloak currently unavailable)
rCorr   .          Rampage  .   (gloves unavailable)
Will    +....      NoTele   +   (boots currently unavailable)
Stlth   ++++++....              A - amulet of the acrobat
HPRegen 0.33/turn               E - +4 ring of evasion
MPRegen 0.13/turn               L - ring of flight

@: tree-form, unable to read
A: stationary, stasis, torment immunity, boosted hp, (claws 3), thin skeletal
structure 2, icemail 1, condensation shield, demonic willpower, (horns 1), agile
1, (cold resistance 1), evolution 1, inability to read while threatened
a: Renounce Religion, Potion Petition, Call Merchant, Bribe Branch


You were on level 3 of the Lair of Beasts.
You worshipped Gozag.
Gozag was aware of your devotion.
You were a tree.
You visited 3 branches of the dungeon, and saw 14 of its levels.
You also visited: Ossuary.

You collected 2336 gold pieces.
You paid 2094 gold pieces to Gozag.


Innate Abilities, Weirdness & Mutations

You are a tree.
Your roots penetrate the ground, keeping you stationary.
You cannot be teleported.
You are immune to unholy pain and torment.
Your maximum health is greatly increased.
Your equipment is partially melded.
((You have claws for hands.))
You have a moderately thin skeletal structure. (Dex +4, Stealth++)
A meltable icy envelope protects you from harm. (AC +4)
A meltable shield of frost defends you. (SH +4)
You punish those that try to bend your will. (Will+)
((You have a pair of small horns on your head.))
You are agile. (Dex +2)
((Your flesh is cold resistant. (rC+)))
You have hidden genetic potential.
You sometimes lose the ability to read scrolls when taking damage.


   Skills:
 + Level 8.9 Fighting
 - Level 3.6 Long Blades
 - Level 1.7 Throwing
 - Level 4.0 Armour
 - Level 5.0 Dodging
 - Level 7.3 Stealth
 - Level 5.0 Shields
 - Level 15.0 Unarmed Combat


You had 11 spell levels left.
You didn't know any spells.
Your spell library contained the following spells:

 Spells                   Type           Power      Damage    Failure   Level
 Freeze                   Ice            0%         1d3       34%         1
 Sting                    Tmut/Pois      0%         1d3       34%         1
 Corpse Rot               Necr/Air       0%         N/A       45%         2
 Poisonous Vapours        Pois/Air       0%         N/A       45%         2
 Static Discharge         Conj/Air       0%         N/A       45%         2
 Sublimation of Blood     Necr           0%         N/A       45%         2
 Frozen Ramparts          Ice            0%         1d2       71%         3
 Ignite Poison            Fire/Tmut/Pois 0%         N/A       71%         3
 Mephitic Cloud           Conj/Pois/Air  0%         N/A       71%         3
 Portal Projectile        Hex/Tloc       0%         N/A       71%         3
 Tukima's Dance           Hex            0%         N/A       71%         3
 Dispel Undead            Necr           0%         3d6       98%         4
 Hailstorm                Conj/Ice       0%         3d3       98%         4
 Olgreb's Toxic Radiance  Pois           0%         N/A       98%         4
 Passage of Golubria      Tloc           0%         N/A       98%         4
 Petrify                  Tmut/Erth      0%         N/A       98%         4
 Summon Ice Beast         Ice/Summ       0%         N/A       98%         4
 Blade Hands              Tmut           0%         N/A       100%        5
 Excruciating Wounds      Necr           0%         N/A       100%        5
 Freezing Cloud           Conj/Ice/Air   0%         6-21      100%        5
 Irradiate                Conj/Tmut      0%         3d13      100%        5
 Lightning Bolt           Conj/Air       0%         1d11      100%        5
 Summon Mana Viper        Hex/Summ       0%         N/A       100%        5
 Yara's Violent Unravell  Hex/Tmut       0%         3d3       100%        5
 Death Channel            Necr           0%         N/A       100%        6
 Monstrous Menagerie      Summ           0%         N/A       100%        7
 Maxwell's Capacitive Co  Air            0%         ∞         100%        8

Inventory:

Hand Weapons
 a - a +1 long sword
 y - the +11 plutonium sword {Contam Stlth-}
   (You acquired it on level 4 of the Dungeon)

   It occasionally inflicts wild transmutation effects on those it strikes,
   inflicting malmutation or extra damage, or polymorphing them into a new form.
   Contam:    It causes magical contamination when unequipped.
   Stlth:     It makes you less stealthy.
 V - the +2 rapier of a wizard's laboratory {flame, *Corrode rElec rPois}
   (You found it on level 10 of the Dungeon)

   It burns those it strikes, dealing additional fire damage.
   rElec:     It insulates you from electricity.
   rPois:     It protects you from poison.
   *Corrode:  It may corrode you when you take damage.
Missiles
 b - 5 curare-tipped darts {=f}
 d - 4 throwing nets {=f!f}
 f - 256 stones
 q - 10 poisoned darts
 x - 5 javelins
 O - a boomerang of dispersal {=f!f}
Armour
 c - a +0 helmet
 g - a +0 scale mail (melded)
   (You found it on level 4 of the Dungeon)
 i - a +0 buckler (worn)
   (You took it off a gnoll sergeant on level 9 of the Dungeon)
 o - a +0 pair of boots
   (You found it on level 2 of the Dungeon)
Magical Staves
 v - a staff of earth {!a}
   (You found it on level 3 of the Lair of Beasts)
Jewellery
 n - a ring of positive energy
   (You found it on level 8 of the Dungeon)
 A - an amulet of the acrobat (around neck)
   (You took it off a gnoll on level 8 of the Dungeon)
 E - a +4 ring of evasion (left branch)
   (You found it on level 3 of the Lair of Beasts)
 I - a +6 ring of intelligence
   (You found it on level 4 of the Dungeon)
 L - a ring of flight (right branch)
   (You found it on level 2 of the Lair of Beasts)
 R - a ring of resist corrosion
   (You found it on level 3 of the Dungeon)
 W - a ring of magical power
   (You found it on level 9 of the Dungeon)
Wands
 z - a wand of paralysis (8) (quivered)
   (You found it on level 3 of the Dungeon)
 C - a wand of flame (45)
   (You took it off Grinder on level 6 of the Dungeon)
 Y - a wand of charming (13)
   (You found it on level 7 of the Dungeon)
Scrolls
 e - 5 scrolls of teleportation {@r4}
 h - 5 scrolls of fear {unknown}
 j - 3 scrolls of magic mapping {!r}
 l - 2 scrolls of holy word {unknown}
 r - 3 scrolls of immolation {!r!r}
 B - 3 scrolls of amnesia {unknown}
 D - a scroll of fog {unknown}
 J - 2 scrolls of summoning {unknown}
 K - a scroll of blinking {unknown}
 N - a scroll of brand weapon
 Q - 7 scrolls of identify {@r1}
 S - 3 scrolls of silence {!r}
 U - a scroll of enchant weapon
 Z - 2 scrolls of vulnerability {unknown}
Potions
 m - a potion of might {unknown}
 p - 5 potions of brilliance
 s - 3 potions of haste {@q3}
 t - 2 potions of degeneration {!q}
 u - a potion of attraction {unknown}
 w - a potion of flight
 F - 2 potions of lignification {!q}
 X - 2 potions of curing {@q1}

Dungeon Overview and Level Annotations

Branches:
Dungeon (10/15)            Temple (1/1) D:6            Lair (3/6) D:9
 Shoals (0/4) Lair:2       Spider (0/4) Lair:2      Ossuary (visited)
    Orc: D:9-12

Altars:
Ashenzari
Cheibriados
Dithmenos
Elyvilon
Fedhas
Gozag
Hepliaklqana
Kikubaaqudgha
Makhleb
Nemelex Xobeh
Okawaru
Qazlal
Ru
Sif Muna
Trog
Vehumet
Wu Jian
Xom
Yredelemnul
Zin
The Shining One

Shops:
D:4 *

Annotations:
D:3 1 runed translucent door, Flippered's ghost, amateur GrFi
D:5 1 runed translucent door, sn0wgr3's ghost, novice MiFi
D:7 3 runed translucent doors, RNPValinor's ghost, novice DsFi
D:10 exclusion: guardian serpent
Lair:1 3 runed translucent doors, RNPValinor's ghost, journeyman VSFi
Lair:3 exclusion: hydra

### # ##### ###.###.
######...#####.......
####.......##.#.#.......
#......♣...##....P......
..##...D.......P........
#........P##.###......
#P.......#######......
###...#### #.#.#+#.
#......## ####..##
##P.....### #P.##
#####$.....# ##..#
##..........# ####..#


You could see a seven-headed hydra (corroded).


Message History

Press: ? - help, Q - select action, (/) - cycle Shift-Dir - straight line, f - four-headed hydra
Aim: a four-headed hydra (wandering, hasn't noticed you, 90% to hit)
The bolt of acid hits the four-headed hydra!
The acid corrodes the four-headed hydra!
The four-headed hydra roars!
Aiming: Corrosive Bolt
Press: ? - help, Q - select action, (/) - cycle Shift-Dir - straight line, f/p - four-headed hydra
Aim: a four-headed hydra (lightly wounded, covered in acid, 90% to hit)
The bolt of acid hits the four-headed hydra!
Aiming: Corrosive Bolt
Press: ? - help, Q - select action, (/) - cycle Shift-Dir - straight line, f/p - four-headed hydra
Aim: a four-headed hydra (moderately wounded, covered in acid, 90% to hit)
The bolt of acid hits the four-headed hydra! 😮 HP[+1]
Aiming: Corrosive Bolt
Press: ? - help, Q - select action, (/) - cycle Shift-Dir - straight line, f/p - four-headed hydra
Aim: a four-headed hydra (heavily wounded, covered in acid, 90% to hit)
The bolt of acid hits the four-headed hydra!
The four-headed hydra seems to be corroded for longer.
Aiming: Corrosive Bolt
Press: ? - help, Q - select action, (/) - cycle Shift-Dir - straight line, f/p - four-headed hydra
Aim: a four-headed hydra (heavily wounded, covered in acid, 90% to hit)
The bolt of acid hits the four-headed hydra!
The four-headed hydra seems to be corroded for longer.
The now-empty wand crumbles to dust.
The four-headed hydra bites you but does no damage.
The four-headed hydra bites you!
You block the four-headed hydra's attack.
The four-headed hydra closely misses you. 😮 HP[-7]
You take 7 damage, and now have 53/94 hp.
You claw one of the four-headed hydra's heads off!
The three-headed hydra grows two more!
You claw the five-headed hydra!
You claw one of the five-headed hydra's heads off!
The four-headed hydra grows two more!
You claw the six-headed hydra!
The six-headed hydra bites you but does no damage.
You block the six-headed hydra's attack. x2
The six-headed hydra bites you!
You feel threatened and lose the ability to read scrolls!
* * * LOW HITPOINT WARNING * * *
The six-headed hydra bites you!
* * * LOW HITPOINT WARNING * * *
You block the six-headed hydra's attack. 😨 HP[-19]
You take 19 damage, and now have 34/94 hp.
MASSIVE DAMAGE!! (PAUSE)
You scratch the six-headed hydra but do no damage.
You headbutt the six-headed hydra.
You block the six-headed hydra's attack. x2
The six-headed hydra misses you. x2; The six-headed hydra bites you.
* * * LOW HITPOINT WARNING * * *
The six-headed hydra bites you but does no damage. 😨 HP[-2]
You take 2 damage, and now have 32/94 hp.
You rip one of the six-headed hydra's heads off!
The five-headed hydra grows two more!
You mangle the seven-headed hydra!!
You headbutt the seven-headed hydra, but do no damage.
The seven-headed hydra bites you but does no damage.
The seven-headed hydra barely misses you.
The seven-headed hydra misses you.
You block the seven-headed hydra's attack.
The seven-headed hydra bites you!
* * * LOW HITPOINT WARNING * * *
The seven-headed hydra bites you!
* * * LOW HITPOINT WARNING * * *
You block the seven-headed hydra's attack. 😱 HP[-18]
You take 18 damage, and now have 14/94 hp. 😱 HP[+1]
There is a stone staircase leading up here.
Aiming: Paralyse
Press: ? - help, Q - select action, (/) - cycle Shift-Dir - straight line, f/p - seven-headed hydra
Aim: a seven-headed hydra (severely wounded, covered in acid, chance to affect: 17%)
The seven-headed hydra resists with almost no effort.
The seven-headed hydra bites you but does no damage. x2
You block the seven-headed hydra's attack.
The seven-headed hydra bites you!
* * * LOW HITPOINT WARNING * * *
The seven-headed hydra bites you but does no damage. x2
You block the seven-headed hydra's attack. 😱 HP[-7]
You take 7 damage, and now have 8/94 hp.
It was a potion of lignification.
You turn into a tree.
Your +0 scale mail melds into your body.
Your roots penetrate the ground.
You block the seven-headed hydra's attack.
The seven-headed hydra completely misses you.
You block the seven-headed hydra's attack. x2
The seven-headed hydra bites you.
* * * LOW HITPOINT WARNING * * *
The seven-headed hydra bites you but does no damage. x2
You now have 141 max hp (+47).
It was a potion of flight.
Your roots keep you in place.
The seven-headed hydra bites you but does no damage. x2
The seven-headed hydra bites you!
* * * LOW HITPOINT WARNING * * *
The seven-headed hydra bites you but does no damage.
The seven-headed hydra bites you!
You die...
Your body crumbles into a pile of gold.

Skill      XL: |  1  2  3  4  5  6  7  8  9 10 11 12 |
---------------+-------------------------------------+-----
Long Blades    | 3 |  3.6
Fighting       | 3 5 6 8 |  8.9
Unarmed Combat | 2 4 5 13 14 15 | 15.0
Armour         | 1 3 4 |  4.0
Dodging        | 3 4 5 |  5.0
Stealth        | 4 7 |  7.3
Shields        | 2 5 |  5.0
Throwing       | |  1.7

Action                   |  1- 3 |  4- 6 |  7- 9 | 10-12 || total
-------------------------+-------+-------+-------+-------++-------
Melee: Long sword        |   132 |   132 |       |       ||   264
       Punch             |       |     1 |    19 |    15 ||    35
       Unarmed           |       |    33 |   212 |   631 ||   876
       Kick              |       |       |       |    23 ||    23
       Headbutt          |       |       |       |    21 ||    21
Throw: Throwing net      |       |       |       |     2 ||     2
       Javelin           |       |       |       |     1 ||     1
Invok: Potion Petition   |       |       |       |     3 ||     3
Evoke: Wand              |       |       |       |    16 ||    16
  Use: Scroll            |     4 |     2 |     4 |     3 ||    13
       Potion            |       |     4 |     1 |    17 ||    22
 Stab: Sleeping          |       |     1 |     2 |    14 ||    17
       Distracted        |       |       |     1 |     5 ||     6
       Invisible         |       |       |       |     4 ||     4
Armor: Ring mail         |    61 |    64 |       |       ||   125
       Leather armour    |     5 |       |       |       ||     5
       Scale mail        |       |    22 |    90 |   163 ||   275
       Skin              |       |       |       |     5 ||     5
Dodge: Dodged            |   103 |    94 |    90 |   247 ||   534
Block: Other             |    45 |    43 |    28 |    25 ||   141
       Buckler           |       |       |       |   167 ||   167

Levels and vault maps discovered:
D:1:      tarquinn_simple_flora_water_a, layout_basic
D:2:      layout_basic
D:3:      layout_rooms, ebering_ghost_inner_flame,
          ebering_ecumenical_altar_petrified
D:4:      layout_basic, marbit_many_paths, mainiacjoe_overflow_cross_hatched,
          lemuel_crystal_altar, serial_shops, nicolae_square_shop,
          chequers_serial_rivers_room_b
D:5:      layout_basic, nicolae_overflow_quartered_altars,
          hellmonk_ghost_happy_afterlife, enter_ossuary_4
D:6:      layout_basic, minmay_temple_entry_statues, minmay_crossroads,
          uniq_grinder
D:7:      layout_basic, gammafunk_ghost_split, chequers_jeans, grunt_ogre_cave
D:8:      minmay_statue_hallways, layout_loops_ring, mainiacjoe_overflow_paths
D:9:      layout_cave_pods, erik_lair_island, serial_bayou_pond_e
D:10:     layout_cave_pools, mainiacjoe_overflow_alcove_4, grunt_potential
Temple:   cyrus_circular_temple
Lair:1:   layout_small_grid, gammafunk_ghost_hydra_chop,
          chequers_serial_rivers_room_a
Lair:2:   layout_cave_pods, minmay_shoals_entry_hut, spider_nest_entry_a,
          st_stairs_4, lemuel_fruit_fields, serial_bayou_shore_a
Lair:3:   layout_roguey

Notes
Turn   | Place    | Note
-------+----------+-------------------------------------------
     0 | D:1      | esteth the Demonspawn Gladiator began the quest for the
                  | Orb.
     0 | D:1      | Reached XP level 1. HP: 16/16 MP: 1/1
     0 | D:1      | magus.rc [v1.11.3]
   153 | D:1      | You fall into a shaft and drop 1 floor!
   395 | D:2      | Reached skill level 3 in Long Blades
   457 | D:2      | Gained mutation: A meltable shield of frost defends you.
                  | (SH +4) [demonic ancestry]
   457 | D:2      | Reached XP level 2. HP: 21/23 MP: 2/2
   889 | D:1      | Reached XP level 3. HP: 28/28 MP: 3/3
   963 | D:1      | Reached skill level 3 in Fighting
  1350 | D:1      | You pick up a book of Alchemy and begin reading...
  1350 | D:1      | You add the spells Sublimation of Blood, Petrify and
                  | Irradiate to your library.
  2636 | D:3      | Gained mutation: You have sharp fingernails. [demonic
                  | ancestry]
  2636 | D:3      | Reached XP level 4. HP: 28/35 MP: 4/4
  2889 | D:3      | Found a runed translucent door.
  2890 | D:3      | Noticed Flippered's ghost (amateur GrFi)
  3021 | D:3      | Found a faded altar of an unknown god.
  3177 | D:4      | Reached skill level 1 in Unarmed Combat
  3194 | D:4      | Reached skill level 2 in Unarmed Combat
  3194 | D:4      | Gained mutation: A meltable icy envelope protects you from
                  | harm. (AC +4) [demonic ancestry]
  3194 | D:4      | Reached XP level 5. HP: 23/41 MP: 5/5
  3406 | D:4      | Reached skill level 3 in Unarmed Combat
  3744 | D:4      | Reached skill level 4 in Unarmed Combat
  3744 | D:4      | Gained mutation: You have a somewhat thin skeletal
                  | structure. (Dex +2, Stealth+) [demonic ancestry]
  3744 | D:4      | Reached XP level 6. HP: 46/47 MP: 6/6
  4093 | D:4      | Found Qieteg's General Store.
  4210 | D:4      | Identified a scroll of acquirement
  4210 | D:4      | Acquired the +11 plutonium sword {Contam Stlth-}
  4210 | D:4      | Found the +11 plutonium sword {Contam Stlth-}
  4218 | D:4      | HP: 10/47 [poisoned by a scorpion]
  4223 | D:4      | HP: 5/47 [poisoned by a scorpion]
  4524 | D:4      | You add the spells Tukima's Dance, Passage of Golubria and
                  | Yara's Violent Unravelling to your library.
  4710 | D:4      | Found a burning altar of Makhleb.
  4906 | D:4      | Found a shadowy altar of Dithmenos.
  5061 | D:4      | Reached skill level 5 in Unarmed Combat
  5206 | D:5      | Entered Level 5 of the Dungeon
  5253 | D:5      | Gained mutation: You have very sharp fingernails. [demonic
                  | ancestry]
  5253 | D:5      | Reached XP level 7. HP: 52/52 MP: 7/7
  5274 | D:5      | Found a shimmering altar of Xom.
  5274 | D:5      | Found a basalt altar of Yredelemnul.
  5286 | D:5      | Found an ancient bone altar of Kikubaaqudgha.
  5297 | D:5      | Reached skill level 6 in Unarmed Combat
  5323 | D:5      | Noticed sn0wgr3's ghost (novice MiFi)
  5327 | D:5      | Found a runed translucent door.
  5409 | D:5      | Found a broken altar of Ashenzari.
  5624 | D:5      | Found a sand-covered staircase.
  5632 | Ossuary  | Entered an ossuary
  5632 | Ossuary  | Noticed a wraith
  5632 | Ossuary  | Noticed a wraith
  5632 | Ossuary  | Noticed a wraith
  5710 | Ossuary  | Noticed a wraith
  5727 | Ossuary  | Killed a wraith
  5728 | Ossuary  | Reached skill level 7 in Unarmed Combat
  5751 | Ossuary  | Identified a potion of experience
  5754 | Ossuary  | Reached skill level 13 in Unarmed Combat
  5754 | Ossuary  | Gained mutation: You have claws for hands. [demonic
                  | ancestry]
  5754 | Ossuary  | Reached XP level 8. HP: 37/58 MP: 8/8
  6152 | D:6      | Noticed Grinder
  6165 | D:6      | Killed Grinder
  6166 | D:6      | Reached skill level 1 in Armour
  6166 | D:6      | Reached skill level 3 in Dodging
  6166 | D:6      | Reached XP level 9. HP: 57/65 MP: 9/9
  6395 | D:6      | Reached skill level 4 in Fighting
  6593 | D:6      | Reached skill level 2 in Armour
  6755 | D:6      | Found a staircase to the Ecumenical Temple.
  6766 | Temple   | Entered the Ecumenical Temple
  6827 | Temple   | Became a worshipper of Gozag Ym Sagoz the Greedy
  7460 | D:7      | Reached skill level 4 in Dodging
  7668 | D:7      | Reached skill level 3 in Armour
  7715 | D:7      | Noticed RNPValinor's ghost (novice DsFi)
  7806 | D:7      | Found a runed translucent gate.
  7806 | D:7      | Found a runed translucent gate.
  7807 | D:7      | Found a runed translucent gate.
  7901 | D:7      | Reached skill level 5 in Fighting
  8421 | D:7      | Gained mutation: You have a moderately thin skeletal
                  | structure. (Dex +4, Stealth++) [demonic ancestry]
  8421 | D:7      | Reached XP level 10. HP: 74/74 MP: 10/10
  8980 | D:8      | Noticed an ice statue
  8996 | D:8      | Killed an ice statue
  9134 | D:8      | You pick up a book of Weapons and begin reading...
  9134 | D:8      | You add the spells Portal Projectile, Excruciating Wounds
                  | and Blade Hands to your library.
  9330 | D:8      | Reached skill level 5 in Dodging
  9397 | D:8      | Reached skill level 4 in Armour
  9835 | D:8      | Found a radiant altar of Vehumet.
  9848 | D:8      | Reached skill level 6 in Fighting
 10510 | D:9      | Reached skill level 1 in Stealth
 10641 | D:9      | Reached skill level 2 in Stealth
 10806 | D:10     | Entered Level 10 of the Dungeon
 10978 | D:10     | Reached skill level 3 in Stealth
 11301 | D:9      | Found a staircase to the Lair.
 11364 | D:9      | You add the spells Sting, Poisonous Vapours and Olgreb's
                  | Toxic Radiance to your library.
 11454 | D:9      | You add the spells Ignite Poison, Mephitic Cloud and
                  | Freezing Cloud to your library.
 11787 | D:9      | Reached skill level 1 in Shields
 11788 | D:9      | Reached skill level 4 in Stealth
 12322 | D:10     | Noticed a guardian serpent
 12430 | D:10     | Noticed a boulder beetle
 12734 | D:10     | You pick up a book of Lightning and begin reading...
 12734 | D:10     | You add the spells Static Discharge, Lightning Bolt and
                  | Maxwell's Capacitive Coupling to your library.
 12771 | D:10     | Reached skill level 2 in Shields
 12771 | D:10     | Reached XP level 11. HP: 49/81 MP: 11/11
 13049 | D:10     | Killed a boulder beetle
 13050 | D:10     | Reached skill level 5 in Stealth
 13227 | D:10     | Noticed a green ugly thing
 13227 | D:10     | Noticed a two-headed ogre
 13517 | D:10     | HP: 18/81 [two-headed ogre/+0 giant club (26)]
 13519 | D:10     | Killed a two-headed ogre
 13520 | D:10     | Reached skill level 3 in Shields
 13806 | D:10     | Killed a green ugly thing
 13807 | D:10     | Reached skill level 4 in Shields
 13929 | D:10     | You pick up a book of Beasts and begin reading...
 13929 | D:10     | You add the spells Summon Ice Beast, Summon Mana Viper and
                  | Monstrous Menagerie to your library.
 13947 | D:10     | Identified the +2 rapier of a wizard's laboratory {flame,
                  | *Corrode rElec rPois}
 14063 | Lair:1   | Entered Level 1 of the Lair of Beasts
 14075 | Lair:1   | Reached skill level 6 in Stealth
 14297 | Lair:1   | You fall into a shaft and drop 1 floor!
 15220 | Lair:1   | Reached skill level 5 in Shields
 15227 | Lair:1   | HP: 13/81 [cane toad (17)]
 15229 | Lair:1   | Gained mutation: Your mind is acute. (Int +2) [potion of
                  | mutation]
 15229 | Lair:1   | Gained mutation: You have large cloven feet. [potion of
                  | mutation]
 15229 | Lair:1   | Gained mutation: You are resistant to electric shocks.
                  | (rElec) [potion of mutation]
 15519 | Lair:1   | Reached skill level 7 in Stealth
 15566 | Lair:1   | Found a runed translucent gate.
 15566 | Lair:1   | Found a runed translucent gate.
 15566 | Lair:1   | Found a runed translucent gate.
 15570 | Lair:1   | Noticed a ten-headed hydra
 15570 | Lair:1   | Noticed RNPValinor's ghost (journeyman VSFi)
 15874 | Lair:2   | You pick up a book of Decay and begin reading...
 15874 | Lair:2   | You add the spells Corpse Rot, Dispel Undead and Death
                  | Channel to your library.
 16115 | Lair:2   | Found a hole to the Spider Nest.
 16695 | Lair:2   | HP: 13/81 [cane toad (10)]
 17272 | Lair:2   | You pick up a book of Frost and begin reading...
 17272 | Lair:2   | You add the spells Freeze, Frozen Ramparts and Hailstorm to
                  | your library.
 17400 | Lair:2   | Reached skill level 14 in Unarmed Combat
 17713 | Lair:2   | Gained mutation: You punish those that try to bend your
                  | will. (Will+) [demonic ancestry]
 17713 | Lair:2   | Reached XP level 12. HP: 34/88 MP: 12/12
 18009 | Lair:2   | Found a staircase to the Shoals.
 18350 | Lair:3   | Noticed a boulder beetle
 18360 | Lair:3   | Killed a boulder beetle
 18612 | Lair:3   | Noticed a four-headed hydra
 18706 | Lair:3   | Noticed a six-headed hydra
 18718 | Lair:3   | Killed a seven-headed hydra
 19062 | Lair:3   | Noticed a death yak
 19062 | Lair:3   | Noticed a death yak
 19063 | Lair:3   | Noticed a death yak
 19063 | Lair:3   | Noticed a death yak
 19064 | Lair:3   | Noticed a death yak
 19066 | Lair:3   | Lost mutation: Your mind is acute. (Int +2) [potion of
                  | mutation]
 19066 | Lair:3   | Lost mutation: You have large cloven feet. [potion of
                  | mutation]
 19066 | Lair:3   | Gained mutation: You have hidden genetic potential. [potion
                  | of mutation]
 19066 | Lair:3   | Gained mutation: You sometimes lose the ability to read
                  | scrolls when taking damage. [potion of mutation]
 19066 | Lair:3   | Gained mutation: You expend magic power (3 MP) to
                  | strengthen your wands. [potion of mutation]
 19067 | Lair:3   | Lost mutation: You expend magic power (3 MP) to strengthen
                  | your wands. [potion of mutation]
 19067 | Lair:3   | Lost mutation: You are resistant to electric shocks.
                  | (rElec) [potion of mutation]
 19067 | Lair:3   | Gained mutation: Your flesh is cold resistant. (rC+)
                  | [potion of mutation]
 19067 | Lair:3   | Gained mutation: You are agile. (Dex +2) [potion of
                  | mutation]
 19067 | Lair:3   | Gained mutation: You have a pair of small horns on your
                  | head. [potion of mutation]
 19083 | Lair:3   | Killed a death yak
 19084 | Lair:3   | Reached skill level 15 in Unarmed Combat
 19088 | Lair:3   | Killed a death yak
 19089 | Lair:3   | Reached skill level 7 in Fighting
 19105 | Lair:3   | Killed a death yak
 19119 | Lair:3   | Killed a death yak
 19120 | Lair:3   | Reached skill level 8 in Fighting
 19125 | Lair:3   | Killed a death yak
 19404 | Lair:3   | Noticed a four-headed hydra
 19420 | Lair:3   | HP: 17/94 [five-headed hydra (7)]
 19423 | Lair:3   | Killed a five-headed hydra
 19537 | Lair:3   | HP: 21/94 [seven-headed hydra (11)]
 19544 | Lair:3   | HP: 8/94 [seven-headed hydra (8)]
 19547 | Lair:3   | HP: 2/141 [seven-headed hydra (7)]
 19547 | Lair:3   | Mangled by a seven-headed hydra

Vanquished Creatures
  2 boulder beetles
  2 hydras (Lair:3)
  A two-headed ogre (D:10)
  5 death yaks (Lair:3)
  An ugly thing (D:10)
  An ice statue (D:8)
  8 cane toads
  2 rime drakes
  5 komodo dragons
  2 trolls (D:10)
  A polar bear (Lair:1)
  Grinder (D:6)
  A snapping turtle (Lair:2)
  4 jumping spiders (Lair:2)
  A shadow (D:10)
  7 yaks
  4 wyverns
  A wraith (Ossuary)
  A basilisk (Lair:2)
  A steam dragon (D:8)
  2 acid dragons
  4 water moccasins
  4 ice beasts
  4 black bears
  An orc warrior (D:8)
  A sky beast (D:6)
  5 ogres
  9 wolves
  A necrophage (D:7)
  A phantom (D:4)
  4 centaurs
  2 kobold brigands (D:8)
  2 wyvern zombies
  6 bullfrogs
  6 scorpions
  2 gnoll sergeants
  A water moccasin skeleton (D:6)
  14 wights
  2 electric eels
  7 howler monkeys
  2 centaur zombies
  2 centaur skeletons
  8 hounds
  4 jellies
  5 orc priests
  2 gnoll shamans
  4 iguanas
  6 orc wizards
  A killer bee zombie (D:7)
  A centaur simulacrum (D:10)
  A hound skeleton (D:4)
  A mummy (Ossuary)
  2 howler monkey zombies
  5 adders
  15 gnolls
  2 white imps
  2 ufetubi
  A dart slug (D:3)
  26 orcs
  10 bats
  6 endoplasms
  4 giant cockroaches
  2 goblins
  4 hobgoblins
  6 jackals
  18 kobolds
  6 quokkas
  2 ball pythons (D:1)
  6 frilled lizards
  7 gnoll skeletons (Ossuary)
  A goblin zombie (D:5)
  7 kobold skeletons (Ossuary)
  11 orc skeletons (Ossuary)
  3 rats
  A rat zombie (D:5)
313 creatures vanquished.

Vanquished Creatures (others)
  5 fungi (Lair:2)
  28 plants
33 creatures vanquished.

Grand Total: 346 creatures vanquished

Table legend:
 A = Non-vault XP
 B = Vault XP
 C = Vault XP percentage of total XP
 D = Non-vault monster count
 E = Vault monster count
 F = Vault count percentage of total count
                 A         B        C        D         E       F
            +---------+---------+-------+---------+---------+-------
      Total |   24388 |    5711 |  19.0 |     254 |      59 |  18.8
            +---------+---------+-------+---------+---------+-------
        D:1 |      33 |       0 |   0.0 |      21 |       0 |   0.0
        D:2 |      39 |       0 |   0.0 |      15 |       0 |   0.0
        D:3 |      42 |       0 |   0.0 |      16 |       0 |   0.0
        D:4 |     472 |     105 |  18.2 |      22 |       1 |   4.3
        D:5 |     558 |       2 |   0.4 |      10 |       2 |  16.7
        D:6 |    1232 |     303 |  19.7 |      25 |       2 |   7.4
        D:7 |    1342 |     121 |   8.3 |      25 |       1 |   3.8
        D:8 |    1937 |     451 |  18.9 |      50 |       1 |   2.0
        D:9 |    1577 |     288 |  15.4 |      17 |       5 |  22.7
       D:10 |    1597 |    2589 |  61.8 |       6 |      14 |  70.0
     Lair:1 |    3094 |       0 |   0.0 |      11 |       0 |   0.0
     Lair:2 |    3598 |    1611 |  30.9 |      14 |       6 |  30.0
     Lair:3 |    8867 |       0 |   0.0 |      22 |       0 |   0.0
    Ossuary |       0 |     241 | 100.0 |       0 |      27 | 100.0
            +---------+---------+-------+---------+---------+-------

Illustrated notes

Table legend:
 A = Kills in this place as a percentage of kills in entire the game.
 B = Kills by you in this place as a percentage of kills by you in the entire game.
 C = Kills by friends in this place as a percentage of kills by friends in the entire game.
 D = Other kills in this place as a percentage of other kills in the entire game.
 E = Experience gained in this place as a percentage of experience gained in the entire game.
 F = Experience gained in this place divided by the number of levels of this place that you have seen.
                   A       B       C       D       E      F
               +-------+-------+-------+-------+-------+----------------------
         Total | 100.0 | 100.0 |   N/A |   N/A | 100.0 | 2006.6
       Dungeon |  74.4 |  74.4 |   N/A |   N/A |  42.2 | 1268.8
          Lair |  16.9 |  16.9 |   N/A |   N/A |  57.0 | 5723.3
       Ossuary |   8.6 |   8.6 |   N/A |   N/A |   0.8 | 241.0
               +-------+-------+-------+-------+-------+----------------------

Table legend: (Time is in decaauts)
 A = Elapsed time spent in this place.
 B = Non-inter-level travel time spent in this place.
 C = Inter-level travel time spent in this place.
 D = Time resting spent in this place.
 E = Time spent auto-exploring this place.
 F = Levels seen in this place.
 G = Mean time per level.
                   A        B        C        D        E       F      G
               +--------+--------+--------+--------+--------+-----+--------+
         Total |  19450 |  19030 |    420 |   3878 |  12397 |  15 | 1296.7 |
       Dungeon |  13663 |  13336 |    327 |   2238 |   9190 |  10 | 1366.3 |
        Temple |     80 |     80 |      0 |      0 |     42 |   1 |   80.0 |
          Lair |   5382 |   5289 |     93 |   1640 |   2967 |   3 | 1794.0 |
       Ossuary |    323 |    323 |      0 |      0 |    198 |   1 |  323.0 |
               +--------+--------+--------+--------+--------+-----+--------+

Top non-repeatable levels by time:
    D:10: 2268 daAuts
  Lair:1: 2052 daAuts
  Lair:2: 2012 daAuts
     D:4: 1815 daAuts
     D:7: 1587 daAuts
     D:8: 1555 daAuts
  Lair:3: 1318 daAuts
     D:9: 1299 daAuts
     D:1: 1247 daAuts
     D:2: 1133 daAuts
     D:6: 1092 daAuts
     D:3: 1072 daAuts
     D:5: 592 daAuts
 Ossuary: 323 daAuts
  Temple: 80 daAuts
